Construct Section Command Post
Selects Indian Artillery Battlegroup
Construct Platoon Command Post
Selects Towed ML 4.2-inch Heavy Mortar
Unlock Bishop Self-propelled Artillery
Bishop Self-propelled Artillery
Construct Field Infirmary
6-pounder Anti-tank Gun Team
Selects Off-map Airburst Barrage
Construct Company Command Post
Unlock M3 Grant Medium Tanks
Selects Gurkha Rifles Section
Selects Perimeter Monitor
Selects Gurkha Rifles Section
Selects BL5.5 Artillery Emplacement
Selects Volunteer Infantry